 Dungeon Crawl Stone Soup version 0.26.1-2-gb8aa6d0cf2 (webtiles) character file.

Game seed: 18217331596312171530

48 FishyPogo the Digger (level 3, -3/26 HPs)
             Began as a Draconian Earth Elementalist on Feb 27, 2021.
             Was an Initiate of Makhleb.
             Slain by Sigmund
             ... wielding a +0 scythe
              (13 damage)
             ... on level 3 of the Dungeon.
             The game lasted 00:07:46 (2191 turns).

FishyPogo the Digger (Draconian Earth Elementalist) Turns: 2191, Time: 00:07:47

Health: -3/26      AC:  5    Str: 16    XL:     3   Next: 50%
Magic:  0/6        EV: 12    Int: 16    God:    Makhleb [......]
Gold:   89         SH:  0    Dex: 11    Spells: 2/6 levels left

rFire    . . .     SeeInvis .   (no weapon)
rCold    . . .     Faith    .   (no shield)
rNeg     . . .     Spirit   .   (armour unavailable)
rPois    .         Reflect  .   (helmet restricted)
rElec    .         Harm     .   (no cloak)
rCorr    .         Rampage  .   (no gloves)
Will     +....                  (no boots)
Stlth    ++........             (no amulet)
HPRegen  0.08/turn              c - ring of willpower
MPRegen  0.10/turn              f - +6 ring of strength

@: no status effects
A: unfitting armour, cold-blooded, AC +5
a: Renounce Religion


You were on level 3 of the Dungeon.
You worshipped Makhleb.
Makhleb was noncommittal.
You visited 1 branch of the dungeon, and saw 3 of its levels.

You collected 89 gold pieces.

Inventory:

Missiles
 b - 48 stones
 h - 5 curare-tipped darts
Jewellery
 c - a ring of willpower (left hand)
 f - a +6 ring of strength (right hand)
Scrolls
 d - 2 scrolls of remove curse
 e - 2 scrolls of teleportation {unknown}
 g - a scroll of enchant weapon {unknown}
 j - 2 scrolls of identify {unknown}
Potions
 a - a potion of invisibility {unknown}
 i - a potion of curing {unknown}
 k - a potion of degeneration {unknown}


   Skills:
 - Level 2.0 Dodging
 - Level 2.0 Stealth
 - Level 2.0 Spellcasting
 + Level 1.4 Conjurations
 - Level 1.0 Transmutations
 * Level 4.0 Earth Magic


You had 2 spell levels left.
You knew the following spells:

 Your Spells              Type           Power        Failure   Level
a - Sandblast             Erth           28%          4%          1
b - Stone Arrow           Conj/Erth      20%          21%         3

Your spell library contained the following spells:

 Spells                   Type           Power        Failure   Level
 Passwall                 Tmut/Erth      7%           11%         2
 Petrify                  Tmut/Erth      9%           58%         4
 Lee's Rapid Deconstruct  Erth           7%           73%         5


Dungeon Overview and Level Annotations

Branches:
Dungeon (3/15)

Altars:
Kikubaaqudgha
Makhleb
Nemelex Xobeh
The Shining One

Annotations:
D:3 Sigmund


Innate Abilities, Weirdness & Mutations

Your plain brown scales are hard. (AC +5)
You cannot fit into any form of body armour.
You are cold-blooded and may be slowed by cold attacks.


Message History

Casting: Stone Arrow (quite dangerous; 21% risk of failure)
Confirm with . or Enter, or press ? or * to list all spells.
Aiming: Sandblast (safe; 4% risk of failure)
Press: ? - help, Shift-Dir - straight line, f/p - Sigmund
Aim: Sigmund, wielding a +0 scythe and wearing a +0 robe (moderately wounded, 23% to evade)
The blast of sand hits Sigmund.
Sigmund is heavily wounded.
Sigmund hits you from afar with a +0 scythe.
You hit Sigmund.
Sigmund is heavily wounded.
Sigmund points at you and mumbles some strange words.
The magic dart hits you.
You closely miss Sigmund.
Sigmund is heavily wounded.
Sigmund misses you.
You barely miss Sigmund.
Sigmund is heavily wounded.
Sigmund hits you with a +0 scythe!
Ouch! That really hurt!
You die...

#.#......####
#.#.##.###
#.#.##.#
#......#
###.#### #.#
. #.#
....######@#
.........@.#
..##########


You could see Sigmund.

Vanquished Creatures
  2 worms
  3 dart slugs
  4 bats
  A giant cockroach (D:2)
  3 goblins
  3 hobgoblins
  4 jackals (D:1)
  6 frilled lizards
  6 kobolds
  6 rats
38 creatures vanquished.

Notes
Turn   | Place    | Note
-------+----------+-------------------------------------------
     0 | D:1      | FishyPogo the Draconian Earth Elementalist began the quest
                  | for the Orb.
     0 | D:1      | Reached XP level 1. HP: 14/14 MP: 3/3
   271 | D:1      | Reached XP level 2. HP: 20/20 MP: 1/5
   890 | D:2      | Found a glowing golden altar of the Shining One.
  1018 | D:2      | Reached skill level 1 in Conjurations
  1427 | D:2      | Reached XP level 3. HP: 26/26 MP: 6/6
  1431 | D:2      | Learned a level 3 spell: Stone Arrow
  1439 | D:2      | Found an ancient bone altar of Kikubaaqudgha.
  1648 | D:2      | Found a sparkling altar of Nemelex Xobeh.
  1789 | D:2      | Found a burning altar of Makhleb.
  1797 | D:2      | Became a worshipper of Makhleb the Destroyer
  2110 | D:3      | Reached skill level 4 in Earth Magic
  2173 | D:3      | Noticed Sigmund
  2191 | D:3      | Slain by Sigmund

Illustrated notes

Levels and vault maps discovered:
D:1:      eino_arrival_cavern_d, layout_basic, minmay_misc_feat_iff
D:2:      layout_rooms, lemuel_crystal_altar, lemuel_coloured_pillars_altar,
          tso_metal_star, nemelex_xobeh_ov_fountains_minmay
D:3:      layout_loops_cross, grunt_qazlal_sundering, uniq_sigmund, uniq_natasha

Skill      XL: |  1  2  3 |
---------------+----------+-----
Stealth        | 2 |  2.0
Dodging        | 2 |  2.0
Conjurations   | 1 |  1.4
Earth Magic    | 4 |  4.0
Spellcasting   | |  2.0
Transmutations | |  1.0

Action                   || total
-------------------------++-------
Melee: Unarmed           ||    47
       Tailslap          ||     7
 Cast: Sandblast         ||    46
       Stone Arrow       ||     2
  Use: Scroll            ||     2
Armor: Skin              ||    18
Dodge: Dodged            ||    48
